 Dungeon Crawl Stone Soup version 0.18-a0-1300-g6e8322c (webtiles) character file.

98163 dvd the Unseen (level 15, -16/68 HPs)
             Began as a Spriggan Enchanter on Feb 11, 2016.
             Was an Initiate of Gozag.
             Killed from afar by a greater naga (44 damage)
             ... with an orb of energy
             ... on level 4 of the Snake Pit on Feb 13, 2016.
             The game lasted 03:06:33 (28779 turns).

dvd the Unseen (Spriggan Enchanter)                Turns: 28779, Time: 03:06:34

Health: -16/68     AC: 13    Str:  9    XL:     15   Next: 74%
Magic:  8/36       EV: 20    Int: 31    God:    Gozag
Gold:   5762       SH:  9    Dex: 19    Spells: 9 memorised, 18 levels left

rFire  + . .     SeeInvis +     a - +6 dagger (venom)
rCold  + . .     Gourm    .     x - +3 troll leather armour
rNeg   . . .     Faith    .     Q - +3 buckler {reflect}
rPois  +         Spirit   .     E - +2 hat of the High Council {Archmagi, Wiz- Stlth-}
rElec  .         Dismiss  .     w - +2 cloak {rPois}
rCorr  +         Reflect  +     (gloves unavailable)
SustAt .         Harm     .     (boots unavailable)
MR     ++...                    s - amulet of magic regeneration
Stlth  ++++++++..               u - ring of protection from cold
                                J - ring of Cunyov {rCorr rF+ Str+5 Int+8}

@: lethally poisoned (-16 -> -22), gold aura, very slightly contaminated, repel
missiles, very quick, very resistant to hostile enchantments, extraordinarily
stealthy
A: unfitting armour, antennae 1, icy blue scales 1, see invisible, clever 1,
herbivore 3, speed 3, poison resistance, slow metabolism 2
a: Potion Petition, Call Merchant, Bribe Branch, Renounce Religion


You were on level 4 of the Snake Pit.
You worshipped Gozag.
Gozag was noncommittal.
You were not hungry.

You visited 5 branches of the dungeon, and saw 26 of its levels.
You also visited: Ossuary, Ice Cave and Volcano.

You collected 9318 gold pieces.
You spent 3048 gold pieces at shops.
You paid 508 gold pieces to Gozag.

Inventory:

Hand Weapons
 a - a +6 dagger of venom (weapon)
 b - a +0 hunting sling of flaming
 l - the +5 blowgun of Radicalism {speed, rPois Int+4}
   (You found it on level 1 of the Snake Pit)

   Attacks with this weapon are significantly faster.
   It affects your intelligence (+4).
   It protects you from poison.
 H - a +3 short sword of piercing
Missiles
 e - 16 poisoned sling bullets
 m - 11 sling bullets of flame
 y - 6 tomahawks of returning (quivered)
 F - 168 sling bullets
Armour
 w - a +2 cloak of poison resistance (worn)
 x - a +3 troll leather armour (worn)
 E - the +2 hat of the High Council (worn) {Archmagi, Wiz- Stlth-}
   (You bought it in a shop on level 2 of the Orcish Mines)

   It makes you less stealthy.
 I - a +2 robe of magic resistance
 P - a +1 robe of fire resistance
 Q - a +3 buckler of reflection (worn)
Rods
 X - a +2 rod of clouds (13/13)
   (You found it on level 8 of the Lair of Beasts)
Jewellery
 p - an uncursed ring of flight
 s - an amulet of magic regeneration (around neck)
 u - a ring of protection from cold (right hand)
 z - an uncursed ring of protection from magic
 J - the ring of Cunyov (left hand) {rCorr rF+ Str+5 Int+8}
   (You bought it in a shop on level 7 of the Dungeon)

   [ring of resist corrosion]

   It affects your strength (+5).
   It affects your intelligence (+8).
   It protects you from fire.
 V - an uncursed amulet of regeneration
 Y - an uncursed ring of resist corrosion
Wands
 g - a wand of lightning (6/15)
 o - a wand of lightning (9/15)
 D - a wand of lightning (3/15)
 G - a wand of digging (17/24)
 S - a wand of iceblast (7/15)
 Z - a wand of acid (4/15)
Scrolls
 j - 10 scrolls of identify
 q - 15 scrolls of remove curse
 t - 4 scrolls of teleportation
 v - a scroll of blinking
 M - 4 scrolls of amnesia
 N - 3 scrolls of holy word
 O - 3 scrolls of fog
 T - 2 scrolls of fear
 W - 4 scrolls of recharging
Potions
 c - a potion of haste
 h - a potion of agility
 i - 2 potions of heal wounds
 k - 15 potions of curing
 n - 3 potions of brilliance
 r - 2 potions of resistance
 A - 6 potions of flight
 K - 3 potions of might
 L - a potion of invisibility
Books
 C - a book of Minor Magic

   Spells                             Type                      Level
   a - Magic Dart                     Conjuration                  1
   b - Blink                          Translocation                2
   c - Call Imp                       Summoning                    2
   d - Repel Missiles                 Charms/Air                   2
   e - Slow                           Hexes                        2
   f - Conjure Flame                  Conjuration/Fire             3
   g - Mephitic Cloud                 Conjuration/Poison/Air       3
 U - a book of Ice

   Spells                             Type                      Level
   a - Ice Form                       Ice/Transmutation            4
   b - Metabolic Englaciation         Hexes/Ice                    5
   c - Ozocubu's Refrigeration        Ice                          6
   d - Bolt of Cold                   Conjuration/Ice              6
   e - Freezing Cloud                 Conjuration/Ice/Air          6
   f - Simulacrum                     Ice/Necromancy               6
Comestibles
 d - 14 bread rations
 f - 8 fruits
 R - 3 royal jellies


   Skills:
 + Level 3.5 Fighting
 + Level 5.7 Short Blades
 + Level 3.4 Slings
 + Level 3.1 Armour
 + Level 10.2 Dodging
 + Level 20.4 Stealth
 + Level 1.3 Shields
 + Level 16.7 Spellcasting
 + Level 14.7 Hexes
 + Level 6.2 Charms
 + Level 5.5 Summonings
 + Level 1.7 Translocations
 + Level 6.8 Ice Magic
 + Level 0.1 Air Magic
 + Level 0.3 Evocations


You had 18 spell levels left.
You knew the following spells:

 Your Spells              Type           Power        Failure   Level  Hunger
a - Summon Ice Beast      Ice/Summ       #######.     7%          4    None
b - Ensorcelled Hibernat  Hex/Ice        ######       1%          2    None
c - Confuse               Hex            ########     1%          3    None
d - Tukima's Dance        Hex            ########     1%          3    None
e - Ozocubu's Armour      Chrm/Ice       #######.     3%          3    None
f - Summon Mana Viper     Hex/Summ       #######.     4%          5    None
g - Repel Missiles        Chrm/Air       ######       4%          2    None
h - Blink                 Tloc           N/A          7%          2    None
i - Metabolic Englaciati  Hex/Ice        #######...   4%          5    None


Dungeon Overview and Level Annotations

Branches:
Dungeon (11/15)            Temple (1/1) D:4            Lair (8/8) D:11
  Swamp (0/4) Lair:3        Snake (4/4) Lair:6        Slime (0/6) Lair:7
    Orc (2/2) D:9             Elf (0/3) Orc:2

Altars:
Ashenzari
Cheibriados
Dithmenos
Elyvilon
Fedhas
Gozag
Kikubaaqudgha
Makhleb
Nemelex Xobeh
Okawaru
Pakellas
Qazlal
Ru
Sif Muna
Trog
Vehumet
Xom
Yredelemnul
Zin
The Shining One
Beogh

Shops:
D:7 [=:*(   D:11 }   Orc:2 :*[(   Lair:8 [


Innate Abilities, Weirdness & Mutations

You are tiny and cannot use many weapons and most armour.
You have supernaturally acute eyesight.
You are a herbivore.
You cover ground extremely quickly.
You need consume almost no food.
You have a pair of small antennae on your head.
You are partially covered in icy blue scales (AC +1).
Your mind is acute. (Int +2)
Your system is resistant to poisons.


Message History

You feel sick. The greater naga casts a spell at you.
The poison arrow misses you.
Your scimitar of venom hits the naga ritualist!
The naga ritualist is poisoned.
You feel sick.
You feel sick.
You feel sick.
You feel sick.
The greater naga points at you and mumbles some strange words.
The bolt of poison hits you! You resist.
Your scimitar of venom hits the naga ritualist!
The naga ritualist dies!
There is a stone staircase leading up, spattered with blood here.
You feel sick. The greater naga casts a spell at you.
The orb of energy hits you!
Ouch! That really hurt!
You die...
Your body crumbles into a pile of gold.

......../...#.## #..)).)........
.......(......# #..[...........
............[.# #..............
.......$......#####..............
..N................(.............
..............####N..............
...............##...............#
............#...#..........)....#
............##.)@................
.............##................#.
........................!......#.
[.........N...................##.
.......).[............)..........
......))..............$..N.....##
.........##.####..$......#.....#*
........###.# ###########.....#*
.......## #.# ###N##.#


You could see a greater naga and a friendly scimitar of venom.

Vanquished Creatures
  2 greater nagas
  Azrael (Snake:3)
  Josephine (Orc:2)
  A naga warrior (Snake:4)
  2 catoblepae (Lair:8)
  3 hydras
  7 anacondas
  4 death yaks
  An orc high priest (Orc:2)
  2 shock serpents
  5 naga sharpshooters
  Sonja (Lair:4)
  A salamander mystic (Snake:3)
  2 unseen horrors
  A sea snake (Snake:1)
  A naga ritualist (Snake:3)
  Pikel (D:5)
  An orc knight (Orc:2)
  5 orc sorcerers
  An oklob plant (D:11)
  3 wolf spiders (Lair:2)
  A salamander (Snake:3)
  2 guardian serpents (Snake:4)
  26 black mambas
  A toenail golem (Volcano)
  2 centaur zombies
  Maurice (Orc:2)
  2 molten gargoyles (Volcano)
  A torpor snail (Lair:7)
  4 naga magi
  A gargoyle (Volcano)
  3 centaur skeletons
  9 spiny frogs
  6 komodo dragons
  3 fire drakes
  3 trolls
  11 polar bears (IceCv)
  A two-headed ogre (D:11)
  Grinder (D:3)
  6 blink frogs
  A vampire (D:11)
  Sigmund (D:3)
  6 wraiths
  3 fire bats (Lair:2)
  3 basilisks (Lair:8)
  32 yaks
  2 fire elementals
  Grum (D:8)
  A steam dragon (D:9)
  5 hippogriffs
  10 wolves
  3 wargs
  12 nagas
  2 soldier ants (D:8)
  11 porcupines
  12 water moccasins
  2 hell hounds (Snake:3)
  2 black bears
  5 orc warriors
  4 sky beasts
  A wasp (D:8)
  A necrophage (D:9)
  3 ogres
  5 phantoms
  2 ice beasts
  9 centaurs
  16 crocodiles
  18 giant frogs
  A big kobold (D:11)
  3 scorpions
  A wyvern skeleton (D:9)
  A troll zombie (D:9)
  A water moccasin skeleton (D:8)
  18 killer bees
  A wight (D:9)
  A vampire bat (Lair:1)
  5 electric eels
  2 crimson imps
  A giant frog zombie (D:5)
  7 hounds
  2 human zombies (D:9)
  2 jellies (D:8)
  8 orc priests
  2 human skeletons (D:9)
  8 orc wizards
  3 giant frog skeletons
  11 iguanas
  Natasha (twice) (D:2)
  7 worker ants
  16 sheep
  2 ogre zombies (D:9)
  A hound skeleton (D:7)
  2 mummies
  2 worker ant zombies
  24 adders
  8 gnolls
  33 river rats
  2 shadow imps
  8 white imps (Lair:8)
  2 oozes (D:1)
  An adder zombie (D:7)
  An adder skeleton (D:10)
  A worm (D:2)
  4 giant geckos
  36 orcs
  16 bats
  7 giant cockroaches
  18 goblins
  9 hobgoblins
  20 jackals
  4 quokkas
  2 giant gecko skeletons
  7 giant newts
  2 gnoll zombies (Ossuary)
  10 kobolds
  An orc zombie (Ossuary)
  A quokka skeleton (D:4)
  A quokka zombie (D:6)
  15 rats
  A fungus (Lair:7)
  8 plants
655 creatures vanquished.

Vanquished Creatures (collateral kills)
  Rupert (Lair:4)
  2 greater nagas
  A frost giant (IceCv)
  An orc warlord (Orc:2)
  An ettin (Orc:2)
  Erolcha (D:8)
  6 naga warriors
  A hydra (Lair:7)
  The ghost of Voda the Spear-Bearer, a journeyman OpMo of Ashenzari (IceCv)
  3 anacondas
  A catoblepas (Lair:8)
  8 death yaks (Lair:8)
  5 orc high priests (Orc:2)
  2 shock serpents (Snake:4)
  3 naga sharpshooters
  A salamander mystic (Snake:2)
  6 naga ritualists
  A hill giant (D:11)
  An orc knight (Orc:2)
  6 mana vipers
  9 salamanders
  8 black mambas
  15 naga magi
  4 guardian serpents
  An ice statue (IceCv)
  2 komodo dragons
  3 polar bears (IceCv)
  4 yaks (IceCv)
  2 fire elementals (Snake:3)
  A hippogriff (Lair:7)
  6 wolves
  31 nagas
  2 water moccasins (Lair:7)
  A hell hound (Snake:3)
  A porcupine (Lair:6)
  18 orc warriors
  A phantom (D:11)
  9 ogres
  Blork the orc (D:5)
  A big kobold (D:11)
  A gnoll sergeant (D:9)
  A scorpion (D:8)
  2 killer bees
  4 wights
  6 orc priests
  9 orc wizards
  3 gnolls
  5 river rats
  4 white imps (Lair:8)
  21 orcs
  A plant (Lair:7)
229 creatures vanquished.

Vanquished Creatures (others)
  6 dancing weapons
  A naga mage (Snake:1)
  A black mamba (Snake:4)
  A centaur (D:10)
  An orc (Orc:1)
  A rat (D:2)
  A bush (Lair:8)
  4 fungi
  5 plants
21 creatures vanquished.

Grand Total: 905 creatures vanquished

Notes
Turn   | Place    | Note
--------------------------------------------------------------
     0 | D:1      | dvd the Spriggan Enchanter began the quest for the Orb.
     0 | D:1      | Reached XP level 1. HP: 9/9 MP: 5/5
     2 | D:1      | Noticed a felid
     2 | D:1      | Noticed a demonspawn
     4 | D:1      | Noticed an elf
     4 | D:1      | Noticed a dwarf
     6 | D:1      | Noticed a halfling
     8 | D:1      | Noticed an octopode
     8 | D:1      | Noticed a human
    10 | D:1      | Noticed a minotaur
    10 | D:1      | Noticed a merfolk
    12 | D:1      | Noticed a vine stalker
    12 | D:1      | Noticed a troll
    14 | D:1      | Noticed a tengu
    14 | D:1      | Noticed a spriggan
    16 | D:1      | Noticed a vampire
    16 | D:1      | Noticed a ghoul
    18 | D:1      | Noticed a formicid
    20 | D:1      | Noticed an ogre
    20 | D:1      | Noticed a centaur
    22 | D:1      | Noticed a naga
    24 | D:1      | Noticed a gargoyle
    26 | D:1      | Noticed a demigod
    26 | D:1      | Noticed a draconian
   293 | D:1      | Reached XP level 2. HP: 13/13 MP: 5/7
   312 | D:1      | Learned a level 2 spell: Ensorcelled Hibernation
   530 | D:1      | Reached skill level 5 in Stealth
   634 | D:1      | Reached XP level 3. HP: 16/16 MP: 1/8
  1100 | D:1      | Learned a level 3 spell: Confuse
  1474 | D:2      | Learned a level 3 spell: Tukima's Dance
  1495 | D:2      | Reached XP level 4. HP: 17/21 MP: 2/10
  1836 | D:2      | Found a stormy altar of Qazlal.
  1900 | D:2      | Noticed Natasha
  1909 | D:2      | Killed Natasha
  1909 | D:2      | Reached skill level 6 in Stealth
  2006 | D:2      | Noticed Natasha
  2020 | D:2      | Killed Natasha
  2020 | D:2      | Reached XP level 5. HP: 19/24 MP: 8/11
  2232 | D:3      | Found an oddly glowing altar of Pakellas.
  2298 | D:3      | Noticed Sigmund
  2299 | D:3      | Killed Sigmund
  2299 | D:3      | Reached skill level 7 in Stealth
  2299 | D:3      | Reached skill level 1 in Ice Magic
  2299 | D:3      | Reached XP level 6. HP: 28/28 MP: 11/13
  2304 | D:3      | Found a snail-covered altar of Cheibriados.
  2305 | D:3      | Found an oddly glowing altar of Pakellas.
  2306 | D:3      | Found a blossoming altar of Fedhas.
  2432 | D:3      | Reached skill level 8 in Stealth
  2501 | D:3      | Noticed Grinder
  2538 | D:3      | Killed Grinder
  2538 | D:3      | Reached skill level 1 in Slings
  2538 | D:3      | Reached skill level 5 in Hexes
  2538 | D:3      | Reached XP level 7. HP: 20/32 MP: 7/14
  3602 | D:4      | Reached skill level 5 in Spellcasting
  3700 | D:4      | Found a staircase to the Ecumenical Temple.
  3713 | Temple   | Entered the Ecumenical Temple
  3884 | Temple   | Became a worshipper of Gozag Ym Sagoz the Greedy
  4137 | D:5      | Entered Level 5 of the Dungeon
  4205 | D:5      | Found a sand-covered staircase.
  4214 | Ossuary  | Entered an ossuary
  4406 | D:5      | Found a burning altar of Makhleb.
  4409 | D:5      | Reached skill level 9 in Stealth
  4748 | D:5      | Noticed Blork the orc
  4758 | D:5      | Killed Blork the orc
  4758 | D:5      | Reached skill level 1 in Fighting
  4771 | D:5      | Found a shimmering altar of Xom.
  4848 | D:5      | Found a burning altar of Makhleb.
  4848 | D:5      | Noticed a balrug
  4873 | D:5      | Noticed Pikel
  4897 | D:5      | Killed Pikel
  4897 | D:5      | Reached XP level 8. HP: 37/37 MP: 10/17
  5069 | D:6      | Reached skill level 1 in Armour
  5123 | D:6      | Reached skill level 10 in Stealth
  5248 | D:6      | Reached skill level 5 in Dodging
  5542 | D:6      | Found a sacrificial altar of Ru.
  5779 | D:7      | Found Puwkat's Antique Weapon Shoppe.
  5799 | D:7      | Found Xen Wera's Assorted Antiques.
  5848 | D:7      | Reached XP level 9. HP: 41/41 MP: 8/20
  5961 | D:7      | Found Mumepsef's Book Shop.
  5969 | D:7      | Bought a book of Frost for 350 gold pieces
  5973 | D:7      | Learned a level 3 spell: Ozocubu's Armour
  5989 | D:7      | Found Uvvoawk's Jewellery Emporium.
  6168 | D:7      | Found Jowkyo's Armour Shoppe.
  6535 | D:7      | Reached skill level 11 in Stealth
  7163 | D:8      | Noticed Erolcha
  7178 | D:8      | Killed Erolcha
  7424 | D:8      | Found a sacrificial altar of Ru.
  7424 | D:8      | Found a shadowy altar of Dithmenos.
  7425 | D:8      | Found a glowing silver altar of Zin.
  7693 | D:7      | Bought the ring of Cunyov {rCorr rF+ Str+5 Int+8} for 674 gold pieces
  8152 | D:8      | Noticed Grum
  8160 | D:8      | Killed Grum
  8163 | D:8      | Reached XP level 10. HP: 41/46 MP: 18/23
  8167 | D:8      | Reached skill level 12 in Stealth
  8852 | D:9      | Reached skill level 1 in Charms
  9119 | D:9      | Found a staircase to the Orcish Mines.
  9126 | D:9      | Found a roughly hewn altar of Beogh.
  9309 | D:9      | Reached skill level 13 in Stealth
  9309 | D:9      | Reached skill level 10 in Spellcasting
  9405 | D:9      | Found a basalt altar of Yredelemnul.
  9682 | D:9      | Gained mutation: You have very sharp teeth. [potion of mutation]
  9682 | D:9      | Gained mutation: Your flesh is cold resistant. [potion of mutation]
  9683 | D:9      | Lost mutation: Your flesh is cold resistant. [potion of cure mutation]
  9683 | D:9      | Lost mutation: You have very sharp teeth. [potion of cure mutation]
  9748 | D:10     | Entered Level 10 of the Dungeon
 10038 | D:10     | Found an oddly glowing altar of Pakellas.
 10049 | D:10     | Reached skill level 14 in Stealth
 10064 | D:10     | Reached XP level 11. HP: 46/50 MP: 5/26
 10610 | D:10     | Noticed an unseen horror
 10617 | D:10     | Killed an unseen horror
 10844 | D:11     | Found a staircase to the Lair.
 10859 | D:11     | Noticed an unseen horror
 10865 | D:11     | Killed an unseen horror
 11063 | D:11     | Noticed an oklob plant
 11139 | D:11     | Noticed a hill giant
 11151 | D:11     | Killed a hill giant
 11187 | D:11     | Learned a level 4 spell: Summon Ice Beast
 11258 | D:11     | Found Iquit's Gadget Boutique.
 11273 | D:11     | Reached skill level 10 in Hexes
 11470 | D:11     | Found a shimmering altar of Xom.
 11683 | Lair:1   | Entered Level 1 of the Lair of Beasts
 11712 | Lair:1   | Reached skill level 15 in Stealth
 12557 | Lair:2   | Noticed a wolf spider
 12583 | Lair:2   | Killed a wolf spider
 12605 | Lair:2   | Noticed a wolf spider
 12605 | Lair:2   | Noticed a wolf spider
 12640 | Lair:2   | Killed a wolf spider
 12697 | Lair:2   | Reached skill level 16 in Stealth
 12736 | Lair:2   | Killed a wolf spider
 12878 | Lair:2   | Found a dark tunnel.
 12897 | Lair:2   | Reached XP level 12. HP: 56/56 MP: 13/28
 12910 | Volcano  | Entered a volcano
 13411 | Lair:2   | Noticed a five-headed hydra
 13449 | Lair:2   | Killed a five-headed hydra
 14064 | Lair:3   | Found a staircase to the Swamp.
 15014 | Lair:4   | Noticed Sonja
 15026 | Lair:4   | Killed Sonja
 15026 | Lair:4   | Reached skill level 17 in Stealth
 15680 | Lair:4   | Noticed Rupert
 15693 | Lair:4   | Killed Rupert
 17272 | Lair:6   | Learned a level 5 spell: Summon Mana Viper
 17301 | Lair:6   | Found a staircase to the Snake Pit.
 17322 | Lair:6   | Noticed an eight-headed hydra
 17340 | Lair:6   | Killed an eight-headed hydra
 17973 | Lair:7   | Reached skill level 1 in Summonings
 18002 | Lair:7   | Reached skill level 18 in Stealth
 18002 | Lair:7   | Reached XP level 13. HP: 58/60 MP: 26/30
 18029 | Lair:7   | Reached skill level 5 in Ice Magic
 18205 | Lair:7   | Found a staircase to the Slime Pits.
 18683 | Lair:6   | Reached skill level 5 in Charms
 19279 | Lair:8   | Entered Level 8 of the Lair of Beasts
 19330 | Lair:8   | Found a frozen archway.
 19505 | IceCv    | Entered an ice cave
 19505 | IceCv    | Noticed Voda's ghost (journeyman OpMo)
 19521 | IceCv    | Killed Voda's ghost
 19683 | IceCv    | Reached skill level 5 in Short Blades
 19710 | IceCv    | Gained mutation: Your mind is acute. (Int +2) [potion of beneficial mutation]
 19711 | IceCv    | Gained mutation: Your system is resistant to poisons. [potion of beneficial mutation]
 19712 | IceCv    | Gained mutation: You have a pair of small antennae on your head. [potion of beneficial mutation]
 19978 | IceCv    | Noticed a frost giant
 20016 | IceCv    | Killed a frost giant
 20880 | Lair:8   | Reached XP level 14. HP: 42/65 MP: 7/33
 21058 | Lair:8   | Reached skill level 19 in Stealth
 21178 | Lair:8   | Identified a +2 rod of clouds (13/13) (You found it on level 8 of the Lair of Beasts)
 21611 | Lair:8   | Bought a +2 buckler of reflection for 240 gold pieces
 21611 | Lair:8   | Bought a +2 cloak of poison resistance for 240 gold pieces
 22047 | Orc:1    | Entered Level 1 of the Orcish Mines
 22474 | Orc:2    | Entered Level 2 of the Orcish Mines
 22556 | Orc:2    | Noticed Josephine
 22568 | Orc:2    | Killed Josephine
 22618 | Orc:2    | Noticed Maurice
 22619 | Orc:2    | Killed Maurice
 22701 | Orc:2    | Noticed an orc warlord
 23146 | Orc:2    | Found Pemijol's General Store.
 23154 | Orc:2    | Found Ubbetyda's Book Shop.
 23165 | Orc:2    | Bought a book of Minor Magic for 340 gold pieces
 23169 | Orc:2    | Learned a level 2 spell: Repel Missiles
 23172 | Orc:2    | Learned a level 2 spell: Blink
 23247 | Orc:2    | Found Xeulix's Antique Weapon Emporium.
 23332 | Orc:2    | Killed an orc warlord
 23479 | Orc:2    | Found a staircase to the Elven Halls.
 23565 | Orc:2    | Found Vainymam's Antique Armour Shoppe.
 23611 | Orc:2    | Bought the +2 hat of the High Council {Archmagi, Wiz- Stlth-} for 1204 gold pieces
 24222 | Snake:1  | Entered Level 1 of the Snake Pit
 24271 | Snake:1  | Reached skill level 15 in Spellcasting
 24388 | Snake:1  | Got a bloodstained blowgun
 24389 | Snake:1  | Identified the +5 blowgun of Radicalism {speed, rPois Int+4} (You found it on level 1 of the Snake Pit)
 24420 | Snake:1  | Noticed a greater naga
 24448 | Snake:1  | Killed a greater naga
 25043 | Snake:2  | Noticed a greater naga
 25045 | Snake:2  | Killed a greater naga
 25184 | Snake:2  | Reached skill level 5 in Summonings
 25592 | Snake:2  | Reached XP level 15. HP: 61/68 MP: 17/35
 25930 | Snake:3  | Got an ebony spear
 25947 | Snake:3  | Identified the +2 spear of Truncation {pierce, Stlth+} (You found it on level 3 of the Snake Pit)
 25981 | Snake:3  | Reached skill level 10 in Dodging
 25994 | Snake:3  | Noticed Azrael
 26027 | Snake:3  | Killed Azrael
 26027 | Snake:3  | Reached skill level 1 in Translocations
 26122 | Snake:3  | Learned a level 5 spell: Metabolic Englaciation
 26299 | Snake:3  | Gained mutation: You are partially covered in icy blue scales (AC +1). [potion of beneficial mutation]
 26353 | Snake:3  | Reached skill level 20 in Stealth
 26816 | Snake:4  | Entered Level 4 of the Snake Pit
 26888 | Snake:4  | Reached skill level 1 in Shields
 27361 | Snake:4  | Noticed a greater naga
 27369 | Snake:4  | Killed a greater naga
 28266 | Snake:4  | Noticed a greater naga
 28277 | Snake:4  | Killed a greater naga
 28426 | Snake:4  | Noticed a greater naga
 28429 | Snake:4  | Noticed a greater naga
 28444 | Snake:4  | Noticed a greater naga
 28444 | Snake:4  | Noticed a greater naga
 28732 | Snake:4  | HP: 2/68 [greater naga/bolt of poison (12)]
 28779 | Snake:4  | Killed from afar by a greater naga

Vault maps used:
D:1:      kb_arrival_jail, minmay_rat_gold_closets
D:2:      grunt_qazlal_clouds, first_bread, kennysheep_generic_room_3,
          uniq_natasha
D:3:      grunt_temple_overflow_open, kennysheep_crisscross,
          grunt_pakellas_basics, uniq_grinder, uniq_sigmund
D:4:      minmay_door_path, temple_statues
D:5:      lemuel_round_altar, kennysheep_little_box,
          lightli_ossuary_entry_decrepit_ruins, makhleb_altar_promises_db,
          uniq_pikel, uniq_blork_the_orc
D:6:      moated_statue, nicolae_ru_sacrificial_ziggurat
D:7:      corexii_shantytown, serial_shops, shop, shop, shop,
          nicolae_shop_overgrown_old_shop, nicolae_shop_statue_plus,
          kennysheep_doodads
D:8:      gammafunk_temple_overflow_forgotten, hangedman_pestilent_swarm,
          serial_bayou_pond_c, eino_tiny_chamber, minmay_misc_feat_plants,
          uniq_grum, uniq_erolcha
D:9:      kennysheep_ambush_hall, lemuel_mausoleum_altar_yredelemnul,
          minmay_orc_entry_temple_small
D:10:     basic_altar
D:11:     lair_0_dummy, serial_shops, shop, grunt_decor_fettered, st_stairs_1,
          lemuel_oklob_altar
Temple:   roderic_octagonal_lattice_temple
Lair:1:   roderic_batcave
Lair:2:   minmay_lair_venomous_thicket, nicolae_volcano_entry_batcave
Lair:3:   swamp_mist_pool, serial_bayou_ford_a, wad_woods_river_03
Lair:4:   uniq_sonja, uniq_rupert
Lair:5:   wad_woods_river_01
Lair:6:   minmay_snake_entry_guardpost_small
Lair:7:   slime_dummy
Lair:8:   evilmike_catoblepas_cave, portal_ice_cave_entry_imps,
          kennysheep_basilisk_garden
Snake:1:  serial_bayou_pond_b
Snake:2:  spider_trap
Snake:3:  serial_bayou_pond_c, uniq_azrael
Snake:4:  grunt_snake_rune_serpentine_throne, fake_guardian_serpent_vault
Orc:2:    grunt_orc_gardens, grunt_orc_garden, grunt_orc_garden,
          grunt_orc_garden, grunt_orc_garden, uniq_josephine, uniq_maurice
Ossuary:  ossuary_tomb_3
IceCv:    ice_cave_small_giant
Volcano:  volcano_aerie

Action                   |  1- 3 |  4- 6 |  7- 9 | 10-12 | 13-15 || total
-------------------------+-------+-------+-------+-------+-------++-------
Melee: Dagger            |    91 |    69 |   363 |   690 |   498 ||  1711
 Fire: Hunting sling     |    28 |    21 |     8 |    30 |       ||    87
Throw: Tomahawk          |       |       |       |       |     4 ||     4
 Cast: Corona            |     6 |       |       |       |       ||     6
       Ensorcelled Hiber |    23 |    14 |    55 |   135 |   120 ||   347
       Confuse           |       |     6 |    51 |    66 |   125 ||   248
       Tukima's Dance    |       |       |    21 |    25 |   138 ||   184
       Ozocubu's Armour  |       |       |     2 |    17 |    44 ||    63
       Summon Ice Beast  |       |       |       |    14 |    87 ||   101
       Summon Mana Viper |       |       |       |     1 |    47 ||    48
       Blink             |       |       |       |       |    13 ||    13
       Repel Missiles    |       |       |       |       |     3 ||     3
       Metabolic Englaci |       |       |       |       |     6 ||     6
Invok: Call Merchant     |       |       |       |       |     1 ||     1
Evoke: Wand              |       |       |       |     3 |    11 ||    14
  Use: Scroll            |     2 |       |     9 |    11 |    18 ||    40
       Potion            |       |       |       |    15 |     7 ||    22
 Stab: Sleeping          |    31 |    22 |    63 |   178 |   116 ||   410
       Confused          |       |       |    16 |    34 |    47 ||    97
       Distracted        |       |       |     2 |     3 |    10 ||    15
  Eat: Bread ration      |       |     1 |     1 |       |       ||     2
       Fruit             |       |       |     1 |     2 |       ||     3
       Royal jelly       |       |       |       |     2 |     4 ||     6
       Pizza             |       |       |       |     1 |     1 ||     2
